 Dungeon Crawl Stone Soup version 0.30-a0-743-gbfdf073431 (webtiles) character file.

Game seed: 17272028369256531756

188 hikkokomori the Magician (level 5, 0/30 HPs)
             Began as a Deep Elf Hedge Wizard on Feb 6, 2023.
             Slain by a kobold
             ... wielding a +0 short sword
              (1 damage)
             ... in a sewer.
             The game lasted 00:05:44 (4013 turns).

hikkokomori the Magician (Deep Elf Hedge Wizard)    Turns: 4013, Time: 00:05:45

Health: 0/30       AC:  2    Str:  7    XL:     5   Next: 39%
Magic:  2/13       EV: 12    Int: 25    God:
Gold:   31         SH:  0    Dex: 16    Spells: 3/12 levels left

rFire   . . .      SeeInvis .    j - staff of earth
rCold   . . .      Faith    .    (no shield)
rNeg    . . .      Spirit   .    b - +0 robe
rPois   .          Reflect  .    c - +0 hat
rElec   .          Harm     .    (no cloak)
rCorr   .          Rampage  .    (no gloves)
Will    +....                    (no boots)
Stlth   +++                      (no amulet)
HPRegen 0.25/turn                h - +6 ring of intelligence
MPRegen 0.13/turn                r - ring of willpower

@: about to teleport
A: no striking features
a: no special abilities


You were in a sewer.
You visited 1 branch of the dungeon, and saw 4 of its levels.
You also visited: Sewer.

You collected 122 gold pieces.
You spent 91 gold pieces at shops.

Inventory:

Hand Weapons
 a - a +0 dagger
 l - a +0 rapier
Armour
 b - a +0 robe (worn)
 c - a +0 hat (worn)
Magical Staves
 j - a staff of earth (weapon)
Jewellery
 h - a +6 ring of intelligence (left hand)
 r - a ring of willpower (right hand)
Scrolls
 f - a scroll of poison
 k - a scroll of magic mapping
 n - a scroll of amnesia
 p - 2 scrolls of vulnerability
Potions
 d - a potion of magic
 e - 2 potions of degeneration
 i - a potion of mutation {unknown}
 m - 3 potions of curing
 o - a potion of flight
 q - a potion of ambrosia


   Skills:
 + Level 2.0 Fighting
 - Level 2.4 Dodging
 + Level 4.2 Stealth
 - Level 4.4 Spellcasting
 + Level 2.9 Conjurations
 - Level 1.1 Summonings
 - Level 2.5 Translocations
 + Level 1.2 Earth Magic


You had 3 spell levels left.
You knew the following spells:

 Your Spells              Type           Power      Damage    Failure   Level
a - Magic Dart            Conj           80%        1d7       2%          1
b - Stone Arrow           Conj/Erth      46%        3d9       11%         3
c - Blink                 Tloc           36%        N/A       4%          2
d - Mephitic Cloud        Conj/Pois/Air  10%        N/A       19%         3

Your spell library contained the following spells:

 Spells                   Type           Power      Damage    Failure   Level
 Slow                     Hex            20%        N/A       9%          1
 Call Imp                 Summ           11%        N/A       9%          2
 Cigotuvi's Dreadful Rot  Necr/Pois/Air  10%        N/A       13%         2
 Dazzling Flash           Conj/Hex       24%        N/A       14%         3
 Tukima's Dance           Hex            5%         N/A       26%         3
 Iskenderun's Mystic Bla  Conj/Tloc      19%        2d6       28%         4
 Passage of Golubria      Tloc           18%        N/A       30%         4
 Animate Armour           Summ/Erth      34%        N/A       47%         4
 Yara's Violent Unravell  Hex/Tmut       2%         3d3       94%         5
 Starburst                Conj/Fire      6%         6d4       100%        6
 Lehudib's Crystal Spear  Conj/Erth      11%        10d4      100%        8


Dungeon Overview and Level Annotations

Branches:
Dungeon (4/15)              Sewer (1/1)
 Temple: D:4-7

Altars:
Makhleb

Shops:
D:2 *   D:4 (


Message History

You feel a surge of power!
The stone arrow hits the kobold brigand!
The kobold brigand is almost dead.
The kobold brigand hits you with a +0 short sword!
The kobold hits you with a +0 short sword.
The kobold barely misses you.
Casting: Stone Arrow (quite dangerous; 11% risk of failure)
Confirm with . or Enter, or press ? or * to list all spells.
Aiming: Magic Dart (safe; 2% risk of failure)
Press: ? - help, Shift-Dir - straight line, f/p - kobold brigand
Aim: a kobold brigand, wielding a +0 short sword and quivering poisoned darts (almost dead, 100% to hit)
The magic dart hits the kobold brigand.
The kobold brigand is almost dead.
The kobold brigand hits you with a +0 short sword.
Unknown command.
Casting: Magic Dart (safe; 2% risk of failure)
Confirm with . or Enter, or press ? or * to list all spells.
Aiming: Magic Dart (safe; 2% risk of failure)
Press: ? - help, Shift-Dir - straight line, f/p - kobold brigand
Aim: a kobold brigand, wielding a +0 short sword and quivering poisoned darts (almost dead, 100% to hit)
The magic dart hits the kobold brigand but does no damage.
The kobold brigand is almost dead.
The kobold hits you with a +0 short sword.
The kobold brigand hits you with a +0 short sword!
* * * LOW HITPOINT WARNING * * *
Unknown command.
Casting: Magic Dart (safe; 2% risk of failure)
Confirm with . or Enter, or press ? or * to list all spells.
Aiming: Magic Dart (safe; 2% risk of failure)
Press: ? - help, Shift-Dir - straight line, f/p - kobold brigand
Aim: a kobold brigand, wielding a +0 short sword and quivering poisoned darts (almost dead, 100% to hit)
The magic dart hits the kobold brigand.
The kobold brigand is almost dead.
The kobold misses you. The kobold brigand barely misses you.
As you read the scroll of teleportation, it crumbles to dust.
You feel strangely unstable.
The kobold brigand hits you with a +0 short sword.
* * * LOW HITPOINT WARNING * * *
The kobold hits you with a +0 short sword.
You die...

### ##### #@##.....
########KK......
#####....#.KK.......
#.∩.#.)..'.......P..
#.∩.#.∩..'..~~~~....
#...#..!?#.P~~P~....
###'########~~######
#≈~~~~~~~~~~~~~~~~~~
#≈≈~≈≈≈≈≈~≈≈≈≈≈~≈≈≈≈


You could see a kobold brigand and 3 kobolds.

Vanquished Creatures
  A scorpion (D:4)
  4 adders
  A river rat (D:4)
  3 worms
  A dart slug (D:2)
  2 orcs (D:3)
  3 endoplasms
  8 giant cockroaches
  8 goblins
  7 hobgoblins
  4 jackals (D:2)
  4 kobolds
  5 quokkas
  6 ball pythons
  4 bats
  5 frilled lizards
  11 rats
77 creatures vanquished.

Notes
Turn   | Place    | Note
-------+----------+-------------------------------------------
     0 | D:1      | hikkokomori the Deep Elf Hedge Wizard began the quest for
                  | the Orb.
     0 | D:1      | Reached XP level 1. HP: 10/10 MP: 7/7
   292 | D:1      | Reached XP level 2. HP: 16/16 MP: 2/9
  1082 | D:1      | Reached skill level 1 in Fighting
  1120 | D:1      | Reached XP level 3. HP: 20/20 MP: 7/10
  1895 | D:2      | Reached XP level 4. HP: 22/25 MP: 6/12
  1938 | D:2      | Found Taomul's General Store.
  1946 | D:2      | Bought a scroll of amnesia for 52 gold pieces
  1946 | D:2      | Bought a potion of curing for 39 gold pieces
  3299 | D:3      | Found a burning altar of Makhleb.
  3594 | D:4      | Noticed a scorpion
  3609 | D:4      | Learned a level 3 spell: Stone Arrow
  3625 | D:4      | Killed a scorpion
  3626 | D:4      | Reached XP level 5. HP: 30/30 MP: 3/13
  3644 | D:4      | Found Rovun's Antique Weapon Boutique.
  3727 | D:4      | Reached skill level 1 in Earth Magic
  3736 | D:4      | Learned a level 2 spell: Blink
  3740 | D:4      | Learned a level 3 spell: Mephitic Cloud
  3942 | D:4      | Found a glowing drain.
  3951 | Sewer    | Entered a sewer
  4013 | Sewer    | HP: 1/30 [kobold brigand/+0 short sword (5)]
  4013 | Sewer    | Slain by a kobold

Illustrated notes

Levels and vault maps discovered:
D:1:      minmay_arrival_shattered_statue, layout_basic
D:2:      layout_loops_ring, serial_shops, shop
D:3:      layout_loops_corners, lemuel_tele_altar
D:4:      layout_basic, dancing_weapons_uskayaw, gup_sewer_entry_bubbles,
          serial_shops, nicolae_shop_overgrown_old_shop, minivault_11,
          chequers_serial_rivers_marsh, minmay_stone_trees_medium,
          minmay_crystal_water, uniq_blork_the_orc
Sewer:    kennysheep_pipe_town

Skill      XL: |  1  2  3  4  5 |
---------------+----------------+-----
Stealth        | 3 4 |  4.2
Fighting       | 1 2 |  2.0
Translocations | 2 |  2.5
Conjurations   | 2 |  2.9
Earth Magic    | 1 |  1.2
Dodging        | |  2.4
Spellcasting   | |  4.4
Summonings     | |  1.1

Action                     |  1- 3 |  4- 6 || total
---------------------------+-------+-------++-------
  Melee: Rapier            |       |     3 ||     3
         Staff             |       |    14 ||    14
   Cast: Magic Dart        |   104 |    88 ||   192
         Stone Arrow       |       |    10 ||    10
    Use: Scroll            |       |     9 ||     9
 Armour: Robe              |     4 |     9 ||    13
  Dodge: Dodged            |    12 |    29 ||    41

Table legend: (Time is in decaauts)
 A = Elapsed time spent in this place.
 B = Non-inter-level travel time spent in this place.
 C = Inter-level travel time spent in this place.
 D = Time resting spent in this place.
 E = Time spent auto-exploring this place.
 F = Levels seen in this place.
 G = Mean time per level.
                   A        B        C        D        E       F      G
               +--------+--------+--------+--------+--------+-----+--------+
         Total |   4043 |   3775 |    268 |    134 |   3123 |   5 |  808.6 |
       Dungeon |   3974 |   3706 |    268 |    101 |   3100 |   4 |  993.5 |
         Sewer |     69 |     69 |      0 |     33 |     23 |   1 |   69.0 |
               +--------+--------+--------+--------+--------+-----+--------+

Top non-repeatable levels by time:
     D:1: 1344 daAuts
     D:3: 1182 daAuts
     D:2: 1061 daAuts
     D:4: 386 daAuts
   Sewer: 69 daAuts
